 Dungeon Crawl Stone Soup version 0.29-a0-925-g0a7a3d12f8 (webtiles) character file.

Game seed: 2781419039514904882

37904 Garessta the Summoner (level 13, -25/90 HPs)
             Began as an Octopode Summoner on July 29, 2022.
             Was an Initiate of Gozag.
             Killed by an exploding wolf (55 damage)
             ... ignited by their inner flame
             ... on level 4 of the Lair of Beasts.
             The game lasted 01:08:56 (22219 turns).

Garessta the Summoner (Octopode Summoner)          Turns: 22219, Time: 01:08:57

Health: -25/90     AC:  9    Str: 12    XL:     13   Next: 99%
Magic:  26/36      EV: 17    Int: 21    God:    Gozag
Gold:   953        SH:  0    Dex: 13    Spells: 4/32 levels left

rFire   . . .      SeeInvis .   d - +0 spear
rCold   . . .      Faith    .   (no shield)
rNeg    . . .      Spirit   .   (helmet restricted)
rPois   +          Reflect  .   n - amulet of regeneration
rElec   .          Harm     .   p - ring of Sunlight {rPois Str+4}
rCorr   .          Rampage  .   C - +4 ring of protection
Will    .....                   w - +4 ring of protection
Stlth   +++.......              P - ring of wizardry
HPRegen 1.05/turn               T - ring of magical power
MPRegen 0.25/turn               (no ring)
                                (no ring)
                                (no ring)

@: liquefying, gold aura, slowed movement, invisible, very slow
A: almost no armour, amphibious, 8 rings, camouflage 1, gelatinous body 1,
(nimble swimmer 1), tentacles
a: Renounce Religion, Potion Petition, Call Merchant, Bribe Branch


You were on level 4 of the Lair of Beasts.
You worshipped Gozag.
Gozag was pleased with you.
You visited 3 branches of the dungeon, and saw 16 of its levels.

You collected 5368 gold pieces.
You spent 1842 gold pieces at shops.
You paid 2573 gold pieces to Gozag.

Inventory:

Hand Weapons
 d - a +0 spear (weapon)
Missiles
 c - 6 boomerangs
 m - 10 javelins
 J - 4 throwing nets
 L - 2 silver boomerangs
Armour
 t - a +2 kite shield
 S - an orb of light
 U - an orb of guile
Jewellery
 n - an amulet of regeneration (around mantle)
 p - the ring of Sunlight (left tentacle) {rPois Str+4}
   (You acquired it on level 3 of the Dungeon)

   [ring of poison resistance]

   Str:       It affects your strength (+4).
   rPois:     It protects you from poison.
 s - the amulet "Bycude" {Acrobat +Blink rPois rCorr}
   (You found it on level 3 of the Dungeon)

   [amulet of the acrobat]

   It increases your evasion while moving and waiting.
   rPois:     It protects you from poison.
   +Blink:    It lets you blink.
   rCorr:     It protects you from acid and corrosion.
 w - a +4 ring of protection (on tentacle)
 C - a +4 ring of protection (right tentacle)
 K - an amulet of guardian spirit
 P - a ring of wizardry (on tentacle)
 R - an amulet of the acrobat
 T - a ring of magical power (on tentacle)
Wands
 l - a wand of charming (6)
 u - a wand of iceblast (19)
 B - a wand of digging (2)
 E - a wand of flame (11)
Scrolls
 b - 11 scrolls of teleportation
 i - 3 scrolls of vulnerability
 j - 6 scrolls of poison
 q - a scroll of enchant armour
 r - 2 scrolls of brand weapon
 y - a scroll of silence {unknown}
 A - a scroll of amnesia
 O - a scroll of magic mapping {unknown}
 Q - a scroll of enchant weapon {unknown}
Potions
 a - 2 potions of magic
 e - 6 potions of haste
 f - 9 potions of curing
 g - 2 potions of invisibility
 h - 3 potions of attraction
 k - a potion of ambrosia
 o - 5 potions of heal wounds
 x - 2 potions of resistance
 z - 3 potions of brilliance
 D - a potion of berserk rage {unknown}
 F - a potion of mutation
 G - 3 potions of flight
 H - 2 potions of might
 I - a potion of lignification
 N - a potion of cancellation


   Skills:
 + Level 8.8 Fighting
 + Level 9.1 Dodging
 - Level 2.6 Stealth
 + Level 10.2 Spellcasting
 - Level 8.3 Hexes
 - Level 10.2 Summonings
 - Level 5.0 Necromancy
 + Level 3.2 Translocations
 - Level 7.7 Air Magic
 - Level 7.0 Earth Magic


You had 4 spell levels left.
You knew the following spells:

 Your Spells              Type           Power      Damage    Failure   Level
a - Call Canine Familiar  Summ           52%        N/A       1%          3
b - Summon Guardian Gole  Hex/Summ       49%        N/A       1%          3
c - Summon Lightning Spi  Summ/Air       48%        N/A       1%          4
f - Leda's Liquefaction   Hex/Erth       21%        N/A       1%          4
g - Anguish               Hex/Necr       19%        N/A       1%          4
h - Summon Mana Viper     Hex/Summ       49%        N/A       1%          5
i - Summon Forest         Summ/Tloc      19%        N/A       4%          5

Your spell library contained the following spells:

 Spells                   Type           Power      Damage    Failure   Level
 Summon Small Mammal      Summ           100%       N/A       1%          1
 Call Imp                 Summ           52%        N/A       1%          2
 Beastly Appendage        Tmut           20%        N/A       2%          1
 Mephitic Cloud           Conj/Pois/Air  21%        N/A       2%          3
 Wereblood                Tmut           10%        N/A       4%          2
 Ignite Poison            Fire/Tmut/Pois 10%        N/A       8%          3
 Ozocubu's Armour         Ice            10%        N/A       8%          3
 Spider Form              Tmut/Pois      10%        N/A       8%          3
 Lee's Rapid Deconstruct  Erth           20%        3d13*     4%          5
 Summon Cactus Giant      Summ           26%        N/A       6%          6
 Freezing Cloud           Conj/Ice/Air   10%        6-21      24%         5
 Enfeeble                 Hex            22%        N/A       52%         7
 Dispersal                Tloc           12%        N/A       65%         6
 Statue Form              Tmut/Erth      16%        N/A       65%         6
 Ozocubu's Refrigeration  Ice            5%         4d6       100%        7
 Disjunction              Tloc           12%        N/A       100%        8


Dungeon Overview and Level Annotations

Branches:
Dungeon (10/15)            Temple (1/1) D:4            Lair (5/5) D:10
  Swamp (0/4) Lair:3       Spider (0/4) Lair:2          Orc (0/2) D:10
  Slime: Lair:4-5

Altars:
Ashenzari
Cheibriados
Dithmenos
Elyvilon
Fedhas
Gozag
Hepliaklqana
Kikubaaqudgha
Makhleb
Nemelex Xobeh
Okawaru
Qazlal
Ru
Sif Muna
Trog
Uskayaw
Vehumet
Wu Jian
Xom
Yredelemnul
Zin
The Shining One

Shops:
D:3 *   D:4 [   D:7 !   D:9 (   Lair:1 !   Lair:4 :


Innate Abilities, Weirdness & Mutations

You cannot wear most types of armour.
You are amphibious.
You can wear up to eight rings at the same time.
Your skin changes colour to match your surroundings (Stealth+).
Your rubbery body absorbs attacks. (AC +1, EV +1)
((You are camouflaged when in or above water. (Stealth+)))
You have tentacles for arms and can constrict up to eight enemies at once.


Message History

Blink to where?
Press: ? - help, Dir - move target
As you read the scroll of blinking, it crumbles to dust.
The yak is engulfed in blazing flames.
The yak explodes!
The fiery explosion engulfs the yak!!
Flame seeps out of the yak.
The yak is almost dead.
The fiery explosion engulfs your lightning spire.
Your lightning spire resists.
Your lightning spire is moderately damaged.
The fiery explosion engulfs the yak!!!
Flame seeps out of the yak.
The yak is almost dead.
The fiery explosion engulfs the yak!!
Flame seeps out of the yak.
The yak is almost dead.
The fiery explosion engulfs the wolf!!!
The wolf explodes!
The fiery explosion engulfs the yak!!
The fiery explosion engulfs the wolf!!
Flame seeps out of the wolf.
The wolf is severely wounded.
The fiery explosion engulfs the yak!!
The fiery explosion engulfs the wolf!!
The wolf explodes!
The fiery explosion engulfs the wolf!!!
The wolf explodes!
The yak explodes! x2
The fiery explosion engulfs your lightning spire.
Your lightning spire resists.
Your lightning spire is heavily damaged.
The fiery explosion engulfs the yak!!
The yak explodes!
The fiery explosion engulfs the wolf!!
The fiery explosion engulfs your lightning spire.
Your lightning spire resists.
Your lightning spire is heavily damaged.
The wolf explodes!
The fiery explosion engulfs your lightning spire.
Your lightning spire resists.
Your lightning spire is severely damaged.
The fiery explosion engulfs you!!!
Ouch! That really hurt!
You die...
Your body crumbles into a pile of gold.

### ### ### ####..
#######§#####P## #.....
#....$§§○§§....###..PPP
#....§§8○§§§$..P#.PP≈≈≈
########...#§@####.......PP≈≈≈
#....##.PP##.## #..####..P≈≈≈
###......PPP....# #..## ##.P≈≈≈
#.........P.....####...####.PPP.
##.....#.#.P...###....#.##..PPPP
##...###.P..P..####....#.P..PP..
##...........$...................
#.................)........≈≈≈...
##.........................≈♣P...


You could see a friendly lightning spire (summoned).

Vanquished Creatures
  Lodul (D:10)
  A cane toad (Lair:2)
  5 yaks (Lair:4)
  A vampire mosquito (Lair:3)
  A black bear (D:4)
  5 wolves
  An ogre (D:10)
  A kobold brigand (D:9)
  2 bullfrogs
  A scorpion (D:7)
  3 electric eels
  An orc priest (D:4)
  2 hounds (D:5)
  2 orc wizards
  A gnoll (D:10)
  4 adders
  An ufetubus (D:6)
  A worm (D:3)
  A dart slug (D:3)
  3 orcs
  5 bats
  3 endoplasms
  2 goblins
  A hobgoblin (D:3)
  2 jackals (D:3)
  6 kobolds
  4 quokkas
  2 ball pythons
  2 frilled lizards
  5 rats
70 creatures vanquished.

Vanquished Creatures (collateral kills)
  Josephine (Lair:4)
  A boulder beetle (Lair:3)
  4 hydras
  Urug (Lair:2)
  Amaemon (Lair:2)
  3 black mambas
  3 cane toads
  A kobold demonologist (D:9)
  5 komodo dragons
  3 rime drakes
  2 trolls
  3 polar bears
  10 blink frogs
  3 culicivoras (Lair:2)
  2 wyverns
  2 wraiths (Lair:4)
  A shadow (D:9)
  A vampire (D:9)
  24 yaks
  3 basilisks
  3 steam dragons
  2 vampire mosquitoes (D:10)
  10 water moccasins
  An ice beast (D:8)
  An orc warrior (D:7)
  2 sky beasts
  4 ogres (D:10)
  A black bear (Lair:1)
  16 wolves
  2 centaurs
  A phantom (D:4)
  11 kobold brigands
  9 bullfrogs
  A necrophage (D:8)
  A scorpion (D:4)
  2 gnoll sergeants (D:10)
  2 wights (D:8)
  7 killer bees
  An electric eel (Lair:2)
  A howler monkey (D:7)
  A lava snake (Lair:4)
  4 orc priests
  A jelly (D:6)
  A gnoll bouda (D:10)
  10 hounds
  Ijyb (D:4)
  3 iguanas
  8 orc wizards
  4 adders
  12 gnolls (D:10)
  A shadow imp (D:6)
  An ufetubus (D:7)
  5 worms
  2 dart slugs
  35 orcs
  4 endoplasms
  A giant cockroach (D:4)
  3 goblins
  4 hobgoblins
  5 jackals
  2 ball pythons (D:3)
  A bat (D:3)
  A frilled lizard (D:1)
  22 kobolds
  3 rats
  A butterfly (D:4)
288 creatures vanquished.

Vanquished Creatures (others)
  3 hydras
  A two-headed ogre (D:9)
  3 black mambas
  3 cane toads (Lair:2)
  2 rime drakes
  An orange demon (Lair:2)
  3 komodo dragons
  3 polar bears (Lair:4)
  5 blink frogs
  A culicivora (Lair:2)
  2 wyverns (Lair:4)
  13 yaks
  A wraith (Lair:4)
  A basilisk (Lair:2)
  3 vampire mosquitoes (Lair:3)
  2 water moccasins
  2 orc warriors
  An ice beast (D:7)
  A centaur (D:7)
  4 ogres (D:10)
  2 wolves
  A bullfrog (Lair:2)
  6 wights
  2 killer bees (D:10)
  A hound (D:10)
  Crazy Yiuf (D:4)
  2 orc wizards
  An orc (D:10)
  37 fungi
  52 plants
160 creatures vanquished.

Grand Total: 518 creatures vanquished

Notes
Turn   | Place    | Note
-------+----------+-------------------------------------------
     0 | D:1      | Garessta the Octopode Summoner began the quest for the Orb.
     0 | D:1      | Reached XP level 1. HP: 11/11 MP: 3/3
   431 | D:1      | Reached XP level 2. HP: 2/17 MP: 3/5
  1925 | D:2      | Reached XP level 3. HP: 21/21 MP: 4/7
  1928 | D:2      | Learned a level 2 spell: Call Imp
  1932 | D:2      | Learned a level 3 spell: Call Canine Familiar
  2587 | D:3      | Reached XP level 4. HP: 27/27 MP: 8/8
  2609 | D:3      | Learned a level 3 spell: Summon Guardian Golem
  2700 | D:3      | Found Fustroqe's General Store.
  2709 | D:3      | Bought a scroll of identify for 26 gold pieces
  2709 | D:3      | Bought a scroll of blinking for 97 gold pieces
  2715 | D:3      | Identified 2 scrolls of acquirement
  2717 | D:3      | Acquired the ring of Sunlight {rPois Str+4}
  2719 | D:3      | Acquired 971 gold pieces
  2721 | D:3      | Bought a scroll of poison for 52 gold pieces
  2721 | D:3      | Bought a scroll of enchant armour for 97 gold pieces
  2721 | D:3      | Bought a scroll of vulnerability for 52 gold pieces
  3023 | D:3      | Reached skill level 5 in Summonings
  3075 | D:3      | Identified the amulet "Bycude" {Acrobat +Blink rPois rCorr}
  3243 | D:3      | Reached skill level 1 in Hexes
  3328 | D:4      | Noticed a black bear
  3338 | D:4      | Found Ramewen's Antique Armour Shop.
  3406 | D:4      | Noticed Ijyb
  3450 | D:4      | Killed Ijyb
  3451 | D:4      | Reached XP level 5. HP: 27/31 MP: 1/10
  3536 | D:4      | Found a radiant altar of Vehumet.
  3775 | D:4      | Reached XP level 6. HP: 36/36 MP: 5/11
  3872 | D:4      | Killed a black bear
  4058 | D:4      | Found a staircase to the Ecumenical Temple.
  4063 | Temple   | Entered the Ecumenical Temple
  4260 | Temple   | Became a worshipper of Gozag Ym Sagoz the Greedy
  6135 | D:3      | Found Fustroqe's General Store.
  6341 | D:4      | Reached XP level 7. HP: 41/41 MP: 13/13
  6386 | D:4      | Learned a level 4 spell: Summon Lightning Spire
  6701 | D:4      | Found a runed translucent door.
  6702 | D:4      | Noticed Crazy Yiuf
  6840 | D:4      | Killed Crazy Yiuf
  6841 | D:4      | Reached skill level 1 in Air Magic
  6931 | D:4      | Found a staircase to the Ecumenical Temple.
  7003 | D:4      | Found Ramewen's Antique Armour Shop.
  7061 | D:4      | Found a radiant altar of Vehumet.
  7381 | D:5      | Entered Level 5 of the Dungeon
  8238 | D:6      | Reached skill level 5 in Spellcasting
  8238 | D:6      | Reached XP level 8. HP: 46/46 MP: 12/15
  9467 | D:7      | Reached skill level 5 in Hexes
  9806 | D:7      | Reached XP level 9. HP: 51/51 MP: 13/18
  9890 | D:7      | Found Fureck's Distillery.
  9957 | D:7      | Bought a potion of mutation for 112 gold pieces
  9957 | D:7      | Bought a potion of flight for 42 gold pieces
  9957 | D:7      | Bought a potion of resistance for 140 gold pieces
  9957 | D:7      | Bought a potion of degeneration for 14 gold pieces
  9957 | D:7      | Bought a potion of might for 56 gold pieces
  9957 | D:7      | Bought a potion of heal wounds for 70 gold pieces
  9957 | D:7      | Bought a potion of lignification for 42 gold pieces
 10082 | D:7      | Identified the +6 chain mail of Fortitude {Dex+7}
 10615 | D:8      | Reached skill level 5 in Air Magic
 11161 | D:8      | Found a white marble altar of Elyvilon.
 11552 | D:9      | Noticed a two-headed ogre
 11781 | D:9      | Killed a two-headed ogre
 11782 | D:9      | Reached XP level 10. HP: 56/56 MP: 10/21
 11980 | D:9      | Learned a level 4 spell: Leda's Liquefaction
 12159 | D:9      | Reached skill level 1 in Earth Magic
 12346 | D:9      | Reached skill level 1 in Fighting
 12817 | D:9      | Noticed a soul eater
 12818 | D:9      | Noticed a kobold demonologist
 12831 | D:9      | Killed a kobold demonologist
 13080 | D:10     | Entered Level 10 of the Dungeon
 13633 | D:10     | Noticed Lodul
 13637 | D:10     | Reached XP level 11. HP: 34/66 MP: 17/23
 13641 | D:10     | Killed Lodul
 13867 | D:10     | Found a staircase to the Lair.
 14094 | D:10     | Found a staircase to the Orcish Mines.
 14427 | D:10     | Reached skill level 10 in Summonings
 14536 | D:10     | Learned a level 4 spell: Anguish
 14572 | Lair:1   | Entered Level 1 of the Lair of Beasts
 14595 | Lair:1   | Reached skill level 1 in Necromancy
 14846 | Lair:1   | Bought a potion of heal wounds for 60 gold pieces
 14846 | Lair:1   | Bought a potion of cancellation for 96 gold pieces
 14846 | Lair:1   | Bought a potion of curing for 36 gold pieces
 14846 | Lair:1   | Bought a potion of curing for 36 gold pieces
 14846 | Lair:1   | Bought a potion of haste for 120 gold pieces
 14846 | Lair:1   | Bought a potion of brilliance for 48 gold pieces
 15011 | Lair:1   | HP: 3/69 [komodo dragon (26)]
 15436 | Lair:1   | Reached skill level 5 in Dodging
 16262 | Lair:2   | Noticed Amaemon
 16271 | Lair:2   | Killed Amaemon
 16272 | Lair:2   | Reached skill level 5 in Fighting
 16272 | Lair:2   | Reached XP level 12. HP: 77/77 MP: 16/25
 16280 | Lair:2   | Reached skill level 5 in Earth Magic
 16428 | Lair:2   | Noticed a four-headed hydra
 16450 | Lair:2   | Killed a four-headed hydra
 16812 | Lair:2   | Noticed a six-headed hydra
 16821 | Lair:2   | Killed a six-headed hydra
 17030 | Lair:2   | Acquired a ring of wizardry
 17267 | Lair:2   | Identified the +2 cloak of the End {rElec rPois rCorr
                  | Str-5}
 17344 | Lair:2   | Found a hole to the Spider Nest.
 17696 | Lair:2   | Noticed Urug
 17702 | Lair:2   | Killed Urug
 18390 | Lair:3   | Noticed an eight-headed hydra
 18402 | Lair:3   | Killed an eight-headed hydra
 18416 | Lair:3   | Reached skill level 5 in Necromancy
 18798 | Lair:3   | Noticed a boulder beetle
 18816 | Lair:3   | Reached XP level 13. HP: 84/84 MP: 14/26
 19120 | Lair:3   | Reached skill level 10 in Spellcasting
 19792 | Lair:3   | Found a staircase to the Swamp.
 20190 | Lair:3   | Identified the +1 robe of Makhleb's Castigation {rElec
                  | rPois rC+ Int-4}
 20650 | Lair:4   | Bought a book of the Wilderness for 646 gold pieces
 20659 | Lair:4   | Learned a level 5 spell: Summon Mana Viper
 20665 | Lair:4   | Learned a level 5 spell: Summon Forest
 20781 | Lair:3   | Reached skill level 1 in Translocations
 20930 | Lair:4   | Noticed Josephine
 20970 | Lair:4   | Killed Josephine
 22163 | Lair:5   | Entered Level 5 of the Lair of Beasts
 22219 | Lair:4   | Killed by an exploding wolf... ignited by their inner flame

Illustrated notes

Levels and vault maps discovered:
D:1:      saegor_arrival_under_anarchy, layout_basic,
          hangedman_decor_diamond_cutter, minmay_misc_feat_nine_boxes
D:2:      layout_basic
D:3:      minmay_octagon_keep, layout_basic, serial_shops,
          nicolae_shop_hallway_stairs, kennysheep_generic_room_7
D:4:      layout_basic, nicolae_vehumet_radiance,
          minmay_temple_entry_butterflies, serial_shops,
          nicolae_shop_statue_plus, uniq_ijyb, uniq_crazy_yiuf_cottage
D:5:      layout_rooms, grunt_decor_arrowhead
D:6:      layout_loops_ring, wad_floor_pattern_untrapped
D:7:      layout_basic, serial_shops, shop
D:8:      layout_loops_ring, mainiacjoe_overflow_paths, grunt_decor_fettered
D:9:      layout_gridville, special_room [special_room_kobold],
          nicolae_figureground_pulse
D:10:     layout_big_octagon, lair_entry_dummy, david_orc_2, serial_gnoll_camp,
          gnoll_camp_mini_hut, gnoll_camp_mini_house, gnoll_camp_mini_doghouse,
          gnoll_camp_mini_doghouse, uniq_lodul
Temple:   nicolae_temple_slightly_damp_pantheon
Lair:1:   layout_regular_city
Lair:2:   nzn_winding_woodlands_cross [nzn_winding_woodlands_5x15_garden,
          nzn_winding_woodlands_5x15_pool, nzn_winding_woodlands_5x15_zeroes,
          nzn_winding_woodlands_5x15_pathside_ponds,
          nzn_winding_woodlands_15x15_eel_pit], layout_loops_ring,
          hellmonk_spider_entry_life_and_decay, serial_bayou_pond_e,
          uniq_amaemon, uniq_urug
Lair:3:   layout_small_grid, minmay_swamp_entry_swarm, beast_lair_carwin_8,
          infiniplex_staircase_pool, grunt_megastairs_2
Lair:4:   layout_gridlike, cheibrodos_lair_lostbears, uniq_josephine
Lair:5:   evilmike_catoblepas_cave, layout_hall_layers, slime_entry_1,
          gammafunk_ghost_necromancy, infiniplex_staircase_pool_2

Skill      XL: |  1  2  3  4  5  6  7  8  9 10 11 12 13 |
---------------+----------------------------------------+-----
Spellcasting   | 3 4 5 6 7 8 9 10 | 10.2
Summonings     | 5 6 7 9 10 | 10.2
Hexes          | 1 2 3 4 5 6 7 8 |  8.3
Air Magic      | 2 4 6 7 |  7.7
Earth Magic    | 2 4 6 7 |  7.0
Fighting       | 2 5 6 8 |  8.8
Dodging        | 3 5 6 9 |  9.1
Necromancy     | 3 5 |  5.0
Translocations | 3 |  3.2
Stealth        | |  2.6

Action                   |  1- 3 |  4- 6 |  7- 9 | 10-12 | 13-15 || total
-------------------------+-------+-------+-------+-------+-------++-------
Melee: Unarmed           |    14 |       |       |       |       ||    14
       Tentacles         |     8 |    10 |    15 |    15 |     6 ||    54
       Constrict         |     5 |     9 |    12 |    10 |     7 ||    43
       Spear             |    49 |    45 |    43 |    56 |    42 ||   235
       Punch             |     1 |       |       |     1 |       ||     2
 Cast: Summon Small Mamm |    30 |       |     1 |       |       ||    31
       Call Imp          |     4 |    17 |    10 |     2 |     1 ||    34
       Call Canine Famil |     2 |    11 |    33 |    63 |    24 ||   133
       Summon Guardian G |       |     3 |    35 |    75 |    39 ||   152
       Summon Lightning  |       |       |     9 |    64 |    29 ||   102
       Leda's Liquefacti |       |       |       |     3 |     6 ||     9
       Anguish           |       |       |       |     6 |    15 ||    21
       Summon Forest     |       |       |       |       |     6 ||     6
Invok: Call Merchant     |       |       |       |     2 |     1 ||     3
       Potion Petition   |       |       |       |     1 |       ||     1
Evoke: Wand              |       |       |       |     3 |     5 ||     8
  Use: Scroll            |       |     9 |     5 |     3 |     6 ||    23
       Potion            |       |       |     1 |       |     1 ||     2
 Stab: Sleeping          |     9 |     3 |     1 |       |       ||    13
       Distracted        |     1 |       |     2 |     1 |     1 ||     5
Armor: Skin              |     5 |     1 |     6 |    34 |    29 ||    75
Dodge: Dodged            |    28 |    24 |    44 |   128 |    98 ||   322

Table legend: (Time is in decaauts)
 A = Elapsed time spent in this place.
 B = Non-inter-level travel time spent in this place.
 C = Inter-level travel time spent in this place.
 D = Time resting spent in this place.
 E = Time spent auto-exploring this place.
 F = Levels seen in this place.
 G = Mean time per level.
                   A        B        C        D        E       F      G
               +--------+--------+--------+--------+--------+-----+--------+
         Total |  22264 |  21445 |    819 |   1234 |  16274 |  16 | 1391.5 |
       Dungeon |  14467 |  13839 |    628 |    517 |  10898 |  10 | 1446.7 |
        Temple |    216 |    166 |     50 |      0 |    144 |   1 |  216.0 |
          Lair |   7579 |   7438 |    141 |    717 |   5232 |   5 | 1515.8 |
               +--------+--------+--------+--------+--------+-----+--------+

Top non-repeatable levels by time:
     D:1: 2632 daAuts
  Lair:3: 2359 daAuts
  Lair:2: 2306 daAuts
     D:4: 1810 daAuts
     D:3: 1687 daAuts
     D:9: 1680 daAuts
  Lair:1: 1464 daAuts
  Lair:4: 1443 daAuts
    D:10: 1383 daAuts
     D:7: 1290 daAuts
     D:6: 1118 daAuts
     D:8: 1056 daAuts
     D:2: 1046 daAuts
     D:5: 760 daAuts
  Temple: 216 daAuts
